Unix NetHack Version 5.0.0-0 post-release - last build May  4 2026 22:22:43 (774f63e81ad911689b3a0859ea89b322d5daca8d,branch:main).

Game began 2026-05-09 03:58:56, ended 2026-05-09 05:16:07.

01245990302, chaotic male human Barbarian

             --------------
           ##-.........?..|
  ------  ## |<...........|
  |.^.)-#####-----|--------
  |....|    ###############################%#d@######
  ------                         --.----------      ###
                                 |C).)..?...C|        ##
                   -----         |.....C.....|         #
                   |...|         |...-----...|         ###   ---------------
                   |...|  ##     |...|.{.|...|           ####-)........!...|
                 ##...[|   ####  |..C|{.{.C..|               |.............|
        -----    # |...|      ## |...|.{.|...|               |.............|
        |...|    # -----       # |...-----...|     ##########..............|
        |.)..)#)####           ##|.....C.....|######         ---------------
        |...| #                 #.C.........C|#
        |..^-###                 -------------#
        |...|  ################################
        -----

01245990302 the Bandit     St:18/01 Dx:16 Co:18 In:7 Wi:7 Ch:6  Chaotic
Dlvl:6  $:55 HP:0(68) Pw:15(15) AC:7  Xp:6 T:6289 

Latest messages:
 The killer bee stings!
 You kill the killer bee!
 The killer bee stings!
 The killer bee's sting was poisoned!
 The poison doesn't seem to affect you.
 You miss the killer bee.
 The killer bee stings!
 The killer bee stings!
 You kill the killer bee!
 You kill the killer bee!
 You kill the killer bee!
 The killer bee stings!
 You miss the killer bee.
 The dingo bites!
 The killer bee stings!
 The dingo bites!
 The killer bee stings!
 You kill the killer bee!
 The dingo bites!
 You kill the killer bee!
 The dingo bites!
 You see here 2 killer bee corpses.
 The dingo bites!
 The killer bee stings!
 The killer bee's sting was poisoned!
 The poison doesn't seem to affect you.
 You kill the killer bee!
 The dingo bites!
 You miss the killer bee.
 The dingo bites!
 The killer bee misses!
 You miss the killer bee.
 The dingo bites!
 The killer bee stings!
 You smite the killer bee!
 The dingo bites!
 The killer bee stings!
 The killer bee stings!
 You kill the killer bee!
 The dingo bites!
 The dingo bites!
 You see here a killer bee corpse.
 The dingo bites!
 The dingo bites!
 You die...
 Do you want your possessions identified? [ynq] (y) y
 Do you want to see your attributes? [ynq] (y) y
 Do you want an account of creatures vanquished? [ynaq] (y) y
 Do you want to see your conduct and achievements? [ynq] (y) y
 Do you want to see the dungeon overview? [ynq] (y) y

Inventory:
 Coins    ('$')
  $ - 55 gold pieces
 Weapons  (')')
  k - 6 +0 arrows
  q - a +0 boomerang
  f - 10 blessed +0 darts
  g - 7 +0 darts
  h - a corroded +3 orcish dagger
  a - a blessed rusty +0 battle-axe (weapon in hands)
  b - a +0 short sword (alternate weapon; not wielded)
 Armor    ('[')
  m - an uncursed +0 dunce cap
  c - an uncursed +0 ring mail (being worn)
 Comestibles  ('%')
  z - an uncursed tripe ration
 Potions  ('!')
  A - a blessed potion of healing
  y - an uncursed potion of healing
  u - an uncursed potion of paralysis
  i - an uncursed potion of restore ability
 Rings    ('=')
  p - an uncursed ring of slow digestion
  o - an uncursed ring of sustain ability
 Wands    ('/')
  n - a wand of magic missile (0:3)
 Tools    ('(')
  e - an uncursed oil lamp

01245990302 the Barbarian's attributes:

Background:
 You were a Bandit, a level 6 male human Barbarian.
 You were chaotic, nominally on a mission for Set
 who was opposed by Mitra (lawful) and Crom (neutral).
 You were right-handed.
 You were in the Dungeons of Doom, on level 6.
 You entered the dungeon 6289 turns ago.
 It was nighttime.
 You had 634 experience points, 6 more were needed to attain level 7.

Basics:
 You had 0 out of 68 hit points.
 You had all 15 energy points (spell power).
 Your armor class was 7.
 Your wallet contained 55 zorkmids.
 Autopickup was off.

Final Characteristics:
 Your strength was 18/01 (peak:18/02, limit:18/100).
 Your dexterity was 16 (peak:17, limit:18).
 Your constitution was 18 (limit:18).
 Your intelligence was 7 (limit:18).
 Your wisdom was 7 (limit:18).
 Your charisma was 6 (limit:18).

Final Status:
 You weren't hungry.
 You were unencumbered.
 You were wielding an axe.
 You had basic skill with axe and could have enhanced that.

Final Attributes:
 You were piously aligned.
 You were poison resistant.
 You were telepathic.
 You were warded.
 You are dead.

Miscellaneous:
 You didn't encounter any bones levels.
 Total elapsed playing time was 1 hour, 17 minutes and 10 seconds.

Major events:
 Turn
    1: 01245990302 the chaotic male human Barbarian entered the dungeon
 1257: attained the rank of Pillager (level 3)
 5484: attained the rank of Bandit (level 6)
 6289: killed by a dingo

You didn't know any spells.

Skills:
 Fighting Skills
   bare handed combat [Basic]
   two weapon combat  [Unskilled]
   riding             [Unskilled]
 Weapon Skills
   dagger             [Unskilled]
   axe                [Basic]
   pick-axe           [Unskilled]
   short sword        [Basic]
   broadsword         [Unskilled]
   long sword         [Unskilled]
   two-handed sword   [Unskilled]
   saber              [Unskilled]
   club               [Unskilled]
   mace               [Unskilled]
   morning star       [Unskilled]
   flail              [Unskilled]
   hammer             [Unskilled]
   quarterstaff       [Unskilled]
   spear              [Unskilled]
   trident            [Unskilled]
   bow                [Unskilled]
 Spellcasting Skills
   attack spells      [Unskilled]
   escape spells      [Unskilled]

Voluntary challenges:
 Character rerolling was not enabled.
 You were an atheist.
 You were illiterate.
 You never genocided any monsters.
 You never polymorphed an object.
 You never changed form.
 You used no wishes.
Achievements:
 You attained the rank of Pillager.
 You attained the rank of Bandit.

 The Dungeons of Doom: levels 1 to 6
    Level 1:
       An altar, a fountain, a sink, a grave.
    Level 2:
       A fountain.
    Level 3:
       An altar, some fountains, a sink, a grave.
    Level 4:
    Level 5:
       A fountain.
    Level 6: <- You were here.
       Many fountains.
       Final resting place for
          you, killed by a dingo.


Vanquished creatures:
  a jaguar
  a gnome mummy
 an orc shaman
  a fog cloud
  a shrieker
  a gnome leader
  3 giant ants
  2 floating eyes
  a kitten
  a homunculus
  a kobold leader
  a kobold shaman
  2 rothes
  2 rabid rats
  3 giant bats
 an orc zombie
  a dwarf zombie
  a wererat
 an iguana
  8 killer bees
  a gas spore
  2 hobbits
  a manes
  3 large kobolds
  a giant rat
  3 cave spiders
  a green mold
  3 gnomes
  a gnome zombie
  8 geckos
  3 jackals
  2 foxes
  4 kobolds
  5 goblins
  5 sewer rats
  5 grid bugs
  6 lichens
 10 newts
98 creatures vanquished.

No species were genocided or became extinct.

Game over:
                       ----------
                      /          \
                     /    REST    \
                    /      IN      \
                   /     PEACE      \
                  /                  \
                  |   01245990302    |
                  |      55 Au       |
                  |   killed by a    |
                  |      dingo       |
                  |                  |
                  |                  |
                  |       2026       |
                 *|     *  *  *      | *
        _________)/\\_//(\/(/\)/\//\/|_)_______

Goodbye 01245990302 the Barbarian...

You died in The Dungeons of Doom on dungeon level 6 with 2836 points,
and 55 pieces of gold, after 6289 moves.
You were level 6 with a maximum of 68 hit points when you died.

